[Event "ICC tourney 2743 (40 10)"]
[Site "Internet Chess Club"]
[Date "2021.11.20"]
[Round "4"]
[White "FANG, JADEN:SaltyCarrot777"]
[Black "FILIPOVICH, DAVID MICHAEL:dmfcan"]
[Result "1/2-1/2"]
[ICCResult "Game drawn by mutual agreement"]
[WhiteElo "2048"]
[BlackElo "2050"]
[Opening "Modern defense"]
[ECO "A40"]
[NIC "QO.17"]
[Time "17:45:14"]
[PlyCount "42"]
[TimeControl "2400+10"]

1. d4 g6 2. c4 Bg7 3. Nf3 d6 4. Nc3 e5 5. e4 exd4 6. Nxd4 Nc6 7. Be3 Nge7 8.
Be2 O-O 9. O-O f5 10. exf5 Bxd4 11. Bxd4 Nxf5 12. Be3 Nxe3 13. fxe3 Be6 14.
Nd5 Rxf1+ 15. Bxf1 Bxd5 16. Qxd5+ Kg7 17. c5 dxc5 18. Qxc5 Qd2 19. Bb5 Qxb2
20. Rf1 Qe5 21. Rc1 Rc8 {Game drawn by mutual agreement} 1/2-1/2

[Event "ICC tourney 2743 (40 10)"]
[Site "Internet Chess Club"]
[Date "2021.11.20"]
[Round "4"]
[White "MATINIAN, NIKITA:gannikus1992"]
[Black "HEBDEN, MARK L:mhebden"]
[Result "0-1"]
[ICCResult "White resigns"]
[WhiteElo "2504"]
[BlackElo "2505"]
[Opening "Ruy Lopez: Anderssen variation"]
[ECO "C77"]
[NIC "RL.12"]
[Time "17:45:15"]
[PlyCount "116"]
[TimeControl "2400+10"]

1. e4 e5 2. Nf3 Nc6 3. Bb5 a6 4. Ba4 Nf6 5. d3 b5 6. Bb3 Be7 7. O-O O-O 8.
Nc3 d6 9. a3 Na5 10. Ba2 c5 11. Nd5 Be6 12. b4 Nc6 13. Bd2 c4 14. Nxe7+ Qxe7
15. Bg5 Rac8 16. dxc4 bxc4 17. c3 h6 18. Bxf6 Qxf6 19. Qe2 Bg4 20. Rfd1 Ne7
21. h3 Bxf3 22. Qxf3 Qxf3 23. gxf3 Rc6 24. f4 exf4 25. Rd4 Ng6 26. Rxc4 Rfc8
27. Rxc6 Rxc6 28. c4 Ne5 29. Rc1 Kf8 30. Kf1 Ke7 31. Ke2 a5 32. b5 Rc5 33.
Kd2 Nd7 34. Kc3 Rh5 35. Rh1 Kd8 36. Bb1 Kc7 37. Bd3 Ne5 38. Be2 f3 39. Bd1
g5 40. Kd4 g4 41. h4 Ng6 42. Rg1 Rxh4 43. c5 dxc5+ 44. Kxc5 Rh5+ 45. Kd4 Rg5
46. a4 Ne5 47. Ke3 h5 48. Kf4 f6 49. Bb3 Nd3+ 50. Ke3 Nc5 51. Bd5 Kb6 52.
Rc1 h4 53. Kd4 g3 54. Rxc5 g2 55. Rc6+ Kb7 56. Rxf6+ Rxd5+ 57. Kxd5 g1=Q 58.
Rf7+ Kc8 {White resigns} 0-1

[Event "ICC tourney 2743 (40 10)"]
[Site "Internet Chess Club"]
[Date "2021.11.20"]
[Round "4"]
[White "YANG, KAIQI:YKQ"]
[Black "LIU, PATRICK PEIJUN:JunlinTheWorld"]
[Result "1-0"]
[ICCResult "Black resigns"]
[WhiteElo "2531"]
[BlackElo "1989"]
[Opening "Sicilian: closed"]
[ECO "B23"]
[NIC "SI.44"]
[Time "17:45:15"]
[PlyCount "77"]
[TimeControl "2400+10"]

1. e4 c5 2. Nc3 g6 3. d4 cxd4 4. Qxd4 Nf6 5. Bb5 Nc6 6. Bxc6 bxc6 7. e5 Nd5
8. Nxd5 cxd5 9. Nf3 Bb7 10. O-O Bg7 11. Re1 O-O 12. Qh4 e6 13. Bg5 f6 14.
exf6 Bxf6 15. Re3 Qe7 16. Rae1 Rf7 17. Bxf6 Qxf6 18. Qxf6 Rxf6 19. Rb3 Bc6
20. Nd4 Rc8 21. Ra3 Rc7 22. Rc3 Kf7 23. Nb5 Bxb5 24. Rxc7 a6 25. b3 Ke7 26.
a4 Bc6 27. Ra7 Rf4 28. Rxa6 Rd4 29. Kf1 Rd2 30. Rc1 e5 31. Rb6 e4 32. Ke1 e3
33. fxe3 Rxg2 34. a5 Kd6 35. b4 Kc7 36. b5 Ba8 37. Ra6 Kb8 38. h4 h5 39. Rf6
{Black resigns}
1-0

[Event "ICC tourney 2743 (40 10)"]
[Site "Internet Chess Club"]
[Date "2021.11.20"]
[Round "4"]
[White "Vittal, Sanjana:MCTS13"]
[Black "CHUBAKOV, SULTAN:schubakov"]
[Result "1/2-1/2"]
[ICCResult "Game drawn by mutual agreement"]
[WhiteElo "2042"]
[BlackElo "2025"]
[Opening "Sicilian: Kan, 5.Nc3"]
[ECO "B43"]
[NIC "SI.44"]
[Time "17:45:27"]
[PlyCount "56"]
[TimeControl "2400+10"]

1. e4 c5 2. Nc3 e6 3. Nf3 a6 4. d4 cxd4 5. Nxd4 Qc7 6. Bd3 b5 7. O-O Bb7 8.
Be3 Nf6 9. f4 b4 10. Na4 Bxe4 11. Bxe4 Nxe4 12. f5 Bd6 13. Qh5 O-O 14. f6
Be5 15. fxg7 Bxg7 16. Rf4 f5 17. Rh4 Nf6 18. Qf3 Nc6 19. Nxc6 Qxc6 20. Qxc6
dxc6 21. Bc5 Rfd8 22. Rxb4 Ne4 23. Be3 Rd6 24. Nc5 Nxc5 25. Bxc5 Rd5 26. Be3
Rb5 27. Rxb5 axb5 28. c3 Rd8 {Game drawn by mutual agreement} 1/2-1/2

[Event "ICC tourney 2743 (40 10)"]
[Site "Internet Chess Club"]
[Date "2021.11.20"]
[Round "4"]
[White "LIU, ERIC CHANG:el008"]
[Black "TANG, AUSTIN:Mrpeetapizza"]
[Result "1/2-1/2"]
[ICCResult "Game drawn by repetition"]
[WhiteElo "1946"]
[BlackElo "2034"]
[Opening "Sicilian"]
[ECO "B56"]
[NIC "SI.25"]
[Time "17:45:19"]
[PlyCount "76"]
[TimeControl "2400+10"]

1. e4 c5 2. Nf3 d6 3. d4 cxd4 4. Nxd4 Nf6 5. Nc3 Nc6 6. f3 e5 7. Nb3 Be7 8.
Be3 Be6 9. Nd5 O-O 10. Be2 Bxd5 11. exd5 Nb4 12. c4 Na6 13. Qd2 Qd7 14. O-O
Nc7 15. Na5 b5 16. b3 a6 17. Nc6 Rfc8 18. Bd3 Bf8 19. Bg5 Nce8 20. a4 bxc4
21. Bxc4 h6 22. Be3 Nc7 23. Rfd1 Ncxd5 24. Bxd5 Nxd5 25. Nxe5 dxe5 26. Qxd5
Qxd5 27. Rxd5 Rab8 28. Rd3 Rd8 29. Rad1 Rxd3 30. Rxd3 f5 31. Kf1 Kf7 32. Ke2
Ke6 33. Rc3 Kd5 34. Rd3+ Ke6 35. Rc3 Kd5 36. Rd3+ Ke6 37. Rc3 Kd5 38. Rd3+
Ke6 {Game drawn by repetition} 1/2-1/2

[Event "ICC tourney 2743 (40 10)"]
[Site "Internet Chess Club"]
[Date "2021.11.20"]
[Round "4"]
[White "MATIAS PEREIRA, JULIANO RESENDE:JMatias"]
[Black "Tanenbaum, Zachary:MasterZachary"]
[Result "0-1"]
[ICCResult "White checkmated"]
[WhiteElo "2250"]
[BlackElo "2229"]
[Opening "two knights defense: Steinitz variation"]
[ECO "C59"]
[NIC "KP.01"]
[Time "17:46:08"]
[PlyCount "58"]
[TimeControl "2400+10"]

1. e4 e5 2. Nf3 Nc6 3. Bc4 Nf6 4. Ng5 d5 5. exd5 Na5 6. Bb5+ c6 7. dxc6 bxc6
8. Be2 h6 9. Nh3 Bc5 10. d3 Nd5 11. O-O Qh4 12. c4 Ne7 13. Nc3 Bxh3 14. gxh3
Rd8 15. Ne4 Bb6 16. Qa4 f5 17. Ng3 O-O 18. b4 f4 19. c5 fxg3 20. hxg3 Qxh3
21. cxb6 Nf5 22. bxa5 Rd4 23. Qb3+ Kh7 24. Qe6 Rf6 25. Qxe5 Nh4 26. gxh4
Rg6+ 27. Bg5 Rxh4 28. f3 Rxg5+ 29. Qxg5 Qh2# {White checkmated} 0-1

[Event "ICC tourney 2743 (40 10)"]
[Site "Internet Chess Club"]
[Date "2021.11.20"]
[Round "4"]
[White "PARK, EVAN:espark"]
[Black "SHEEHAN, ETHAN THOMAS:Chessking2008"]
[Result "1-0"]
[ICCResult "Black checkmated"]
[WhiteElo "2234"]
[BlackElo "2194"]
[Opening "Caro-Kann: advance variation"]
[ECO "B12"]
[NIC "CK.04"]
[Time "17:45:59"]
[PlyCount "129"]
[TimeControl "2400+10"]

1. e4 c6 2. d4 d5 3. e5 Bf5 4. Nf3 e6 5. Be2 c5 6. Be3 Qb6 7. Nc3 Nc6 8.
dxc5 Bxc5 9. Bxc5 Qxc5 10. Nb5 Qb4+ 11. c3 Qxb2 12. O-O Nge7 13. Nc7+ Kd7
14. Nxa8 Qxc3 15. Rc1 Qa3 16. Nd4 Rxa8 17. Bb5 Bg6 18. Qd2 a6 19. Rc3 Qa5
20. Bxc6+ Nxc6 21. Rfc1 Rc8 22. Qb2 Rc7 23. Nb3 Qb4 24. Nc5+ Ke8 25. Rb3 Qd4
26. Nxa6 bxa6 27. Qxd4 Nxd4 28. Rxc7 Nxb3 29. axb3 f6 30. f4 fxe5 31. fxe5
Kf8 32. Kf2 Bd3 33. Ke3 Bf1 34. g3 h6 35. Kd4 Kg8 36. b4 Bb5 37. Re7 Bc4 38.
Rxe6 Kf7 39. Rd6 Ke7 40. Rxd5 Bxd5 41. Kxd5 Kd7 42. Kc5 Ke6 43. Kb6 Kxe5 44.
Kxa6 Kf5 45. b5 Kg4 46. b6 Kh3 47. b7 Kxh2 48. b8=Q g5 49. g4+ Kh3 50. Qc8
Kg3 51. Kb5 Kh4 52. Kc4 Kg3 53. Kd3 Kh4 54. Ke4 Kg3 55. Kf5 Kh4 56. Kg6 Kg3
57. Kxh6 Kh4 58. Kg6 Kg3 59. Kxg5 Kh2 60. Kh5 Kh1 61. g5 Kh2 62. g6 Kh1 63.
g7 Kh2 64. g8=Q Kh1 65. Qh3# {Black checkmated} 1-0

[Event "ICC tourney 2743 (40 10)"]
[Site "Internet Chess Club"]
[Date "2021.11.20"]
[Round "4"]
[White "MARTINEZ ALCANTARA, JOSE:josechess99"]
[Black "ALEKSANDROV, ALEKSEJ:Aleksandrov73"]
[Result "0-1"]
[ICCResult "White resigns"]
[WhiteElo "2702"]
[BlackElo "2584"]
[Opening "Ruy Lopez: Berlin defense"]
[ECO "C65"]
[NIC "RL.07"]
[Time "17:45:27"]
[PlyCount "142"]
[TimeControl "2400+10"]

1. e4 e5 2. Nf3 Nc6 3. Bb5 Nf6 4. d3 Bc5 5. O-O Nd4 6. Be3 Nxf3+ 7. Qxf3 Qe7
8. Nc3 O-O 9. Bc4 c6 10. Bb3 d6 11. Bxc5 dxc5 12. h3 Be6 13. Qe3 b6 14. Ne2
a5 15. Ng3 a4 16. Bxe6 fxe6 17. Rad1 Ne8 18. c3 Nd6 19. d4 exd4 20. cxd4 b5
21. dxc5 Nc4 22. Qc3 Qxc5 23. b3 axb3 24. axb3 Qe5 25. Qc1 Na5 26. f4 Qc7
27. Rf3 c5 28. Kh2 c4 29. e5 Rad8 30. Re1 Qd7 31. bxc4 Nxc4 32. Ne4 Nd2 33.
Rg3 Nxe4 34. Rxe4 Rb8 35. Qb2 h6 36. Rd4 Qe7 37. Rgd3 Rb7 38. Qb3 Kh8 39.
Rd6 Rxf4 40. Rg3 Rc4 41. Qd3 Rc8 42. Rg6 Qf7 43. Rdxe6 Qf4+ 44. Rg3 b4 45.
Qd5 Rbc7 46. Rg6 Re7 47. e6 Rb8 48. Qc5 Qc7 49. Qd4 Kh7 50. Qe4 Kh8 51. Qd4
Kh7 52. Qd3 Kh8 53. Qb3 Qe5 54. h4 Rb6 55. Rg4 Qxe6 56. Qd3 Rb8 57. Rg6 Qe5
58. Qb3 Qd4 59. Qf3 b3 60. R6g4 Qe5 61. Rf4 b2 62. Rf8+ Rxf8 63. Qxf8+ Kh7
64. Qf1 Qe4 65. Rb3 Qxh4+ 66. Rh3 Qe4 67. Rb3 Rb7 68. Rxb7 Qxb7 69. Qb1+ Kh8
70. Kg3 Qc7+ 71. Kg4 Qc1 {White resigns} 0-1

[Event "ICC tourney 2743 (40 10)"]
[Site "Internet Chess Club"]
[Date "2021.11.20"]
[Round "4"]
[White "YAN, RUIYANG:jy2020"]
[Black "IVANOV, ALEXANDER:marble"]
[Result "1/2-1/2"]
[ICCResult "Game drawn by mutual agreement"]
[WhiteElo "2160"]
[BlackElo "2429"]
[Opening "Robatsch defense"]
[ECO "B06"]
[NIC "KF.05"]
[Time "17:45:15"]
[PlyCount "136"]
[TimeControl "2400+10"]

1. e4 g6 2. d4 Bg7 3. Nc3 c6 4. Be3 Qb6 5. Na4 Qa5+ 6. Nc3 d5 7. e5 f6 8.
exf6 exf6 9. Qd2 Ne7 10. O-O-O Nf5 11. Bd3 O-O 12. Bxf5 Bxf5 13. h4 Na6 14.
Kb1 h5 15. Nge2 Nb4 16. Rc1 Rfe8 17. Ng3 Be6 18. a3 Na6 19. Qd3 Bf7 20. Rce1
b5 21. Bd2 Qb6 22. Rxe8+ Rxe8 23. Re1 Rxe1+ 24. Bxe1 b4 25. Na4 Qb5 26. Qxb5
cxb5 27. Nc5 Nxc5 28. dxc5 bxa3 29. Bc3 axb2 30. Kxb2 Kf8 31. Ka3 d4 32.
Bxd4 Bd5 33. f3 a5 34. Ne4 Ke7 35. Nd6 Bc6 36. c4 b4+ 37. Kb3 Bh6 38. Nc8+
Kd7 39. Na7 Bd2 40. Nxc6 Kxc6 41. Bxf6 Kxc5 42. Be7+ Kd4 43. Bf6+ Kd3 44. c5
a4+ 45. Kxa4 Kc4 46. c6 Bf4 47. Ka5 Kc5 48. Be7+ Kxc6 49. Kxb4 Kd5 50. Kc3
Ke6 51. Bd8 Kf5 52. Kd3 Bg3 53. Ke3 Bd6 54. Kf2 Bc5+ 55. Kg3 Bd6+ 56. Kh3
Bf4 57. g4+ Ke6 58. Bg5 Bd6 59. Kg2 Bc5 60. Kg3 Bd6+ 61. Kf2 Bc5+ 62. Ke2
Bb6 63. Kd3 Kd5 64. gxh5 gxh5 65. f4 Bc5 66. f5 Ke5 67. f6 Ke6 68. Ke4 Ba3
{Game drawn by mutual agreement}
1/2-1/2

[Event "ICC tourney 2743 (40 10)"]
[Site "Internet Chess Club"]
[Date "2021.11.20"]
[Round "4"]
[White "Chakrabarti, Brejesh:Kochi222"]
[Black "Wan, Caleb:chess-caleb"]
[Result "1/2-1/2"]
[ICCResult "Game drawn because neither player has mating material"]
[WhiteElo "2016"]
[BlackElo "2028"]
[Opening "English opening"]
[ECO "A13"]
[NIC "EO.64"]
[Time "17:45:19"]
[PlyCount "179"]
[TimeControl "2400+10"]

1. c4 e6 2. g3 d5 3. cxd5 exd5 4. Bg2 Nf6 5. Nf3 Bd6 6. O-O O-O 7. d4 c6 8.
Nc3 Re8 9. Re1 Bf5 10. Nh4 Bg6 11. Nxg6 hxg6 12. Bg5 Nbd7 13. e4 dxe4 14.
Nxe4 Be7 15. Nc3 Nb6 16. Qd2 Qd7 17. Rad1 Rad8 18. Qc2 Nfd5 19. Bc1 Bf8 20.
Ne4 Nf6 21. Nc3 Rxe1+ 22. Rxe1 Re8 23. Rd1 Nbd5 24. a3 Qe6 25. Bd2 Qd7 26.
h3 a6 27. Qb3 Re6 28. Bg5 Nxc3 29. bxc3 Qe7 30. a4 Re1+ 31. Kh2 Rxd1 32.
Qxd1 Qa3 33. Bxf6 gxf6 34. Qc2 Bd6 35. h4 Kg7 36. Bf3 Qa1 37. Kg2 Qe1 38.
Be2 c5 39. h5 cxd4 40. cxd4 Qb4 41. Bc4 gxh5 42. Qa2 h4 43. gxh4 b5 44. axb5
axb5 45. Bxf7 Qxd4 46. Bh5 Qe4+ 47. f3 Qc4 48. Qd2 Qf4 49. Qd5 Qg3+ 50. Kf1
Qh3+ 51. Ke2 Qg2+ 52. Ke3 Qg1+ 53. Kd2 Qf2+ 54. Kd3 Qf1+ 55. Ke4 Qc4+ 56.
Qxc4 bxc4 57. Be8 c3 58. Ba4 Kh6 59. Kf5 Be5 60. Kg4 Bd4 61. Bc2 Be5 62. Bd3
Bd4 63. f4 Bf2 64. h5 Be3 65. Kf3 Bxf4 66. Kxf4 Kxh5 67. Bc2 f5 68. Kxf5 Kh4
69. Kf4 Kh3 70. Kf3 Kh4 71. Ke3 Kh3 72. Kf4 Kh4 73. Kf5 Kh3 74. Ke6 Kh4 75.
Kd5 Kg3 76. Kc4 Kh4 77. Kd3 Kg5 78. Ke2 Kh4 79. Kd1 Kg5 80. Kc1 Kh4 81. Kb1
Kg5 82. Ka1 Kh4 83. Ka2 Kg5 84. Ka3 Kh4 85. Ka4 Kg5 86. Ka5 Kf4 87. Ka6 Ke3
88. Kb5 Kd2 89. Bg6 c2 90. Bxc2
{Game drawn because neither player has mating material}
1/2-1/2

[Event "ICC tourney 2743 (40 10)"]
[Site "Internet Chess Club"]
[Date "2021.11.20"]
[Round "4"]
[White "HO, CARTER:corviknight"]
[Black "TANG, ZOEY:WonderZ"]
[Result "1/2-1/2"]
[ICCResult "Game drawn by mutual agreement"]
[WhiteElo "1920"]
[BlackElo "2081"]
[Opening "Sicilian: Richter-Rauzer, Larsen variation, 7.Qd2"]
[ECO "B61"]
[NIC "SI.27"]
[Time "17:45:26"]
[PlyCount "125"]
[TimeControl "2400+10"]

1. e4 c5 2. Nf3 d6 3. d4 cxd4 4. Nxd4 Nf6 5. Nc3 Nc6 6. Bg5 Bd7 7. Qd2 h6 8.
Bxf6 gxf6 9. O-O-O Nxd4 10. Qxd4 Qa5 11. Kb1 Rc8 12. Be2 Qc5 13. Rhe1 Bg7
14. Qxc5 Rxc5 15. Rd5 a6 16. Red1 Rc8 17. h3 Be6 18. R5d3 f5 19. exf5 Bxf5
20. Rf3 Bg6 21. Bd3 Bxc3 22. bxc3 Kd7 23. Kb2 Rc5 24. c4 Rhc8 25. g4 R8c7
26. Re1 b5 27. Bxg6 fxg6 28. Rf7 Ke8 29. Rh7 Rxc4 30. Rxh6 Rxc2+ 31. Kb1
Rxf2 32. Rxg6 Rcc2 33. Rxd6 Rb2+ 34. Ka1 Rxa2+ 35. Kb1 b4 36. Rde6 Rfb2+ 37.
Kc1 b3 38. Rxe7+ Kf8 39. Re8+ Kf7 40. R8e7+ Kf6 41. R7e6+ Kg5 42. R6e5+ Kf4
43. Rf5+ Kg3 44. g5 Rc2+ 45. Kb1 Rcb2+ 46. Kc1 Kxh3 47. g6 Rc2+ 48. Kb1
Rcb2+ 49. Kc1 Rg2 50. Rf3+ Kh4 51. Rxb3 Rxg6 52. Rh1+ Kg5 53. Rg3+ Kf6 54.
Rf1+ Kg7 55. Rxg6+ Kxg6 56. Kb1 Re2 57. Ka1 a5 58. Rb1 Kf6 59. Rb6+ Ke7 60.
Rb5 a4 61. Rb4 a3 62. Rb3 a2 63. Rb2 {Game drawn by mutual agreement}
1/2-1/2

[Event "ICC tourney 2743 (40 10)"]
[Site "Internet Chess Club"]
[Date "2021.11.20"]
[Round "5"]
[White "MATINIAN, NIKITA:gannikus1992"]
[Black "Fawzy, Adham:domti"]
[Result "1/2-1/2"]
[ICCResult "Game drawn by repetition"]
[WhiteElo "2504"]
[BlackElo "2542"]
[Opening "Sicilian: closed, 2...Nc6"]
[ECO "B23"]
[NIC "SI.44"]
[Time "20:00:09"]
[PlyCount "87"]
[TimeControl "2400+10"]

1. e4 c5 2. Nc3 Nc6 3. Bb5 Nd4 4. Nf3 a6 5. Bd3 g6 6. O-O Bg7 7. Re1 e5 8.
Nd5 Ne7 9. Nxe7 Qxe7 10. c3 Nxf3+ 11. Qxf3 O-O 12. a4 d6 13. Bc4 Be6 14. d3
b6 15. Be3 Rfb8 16. b4 cxb4 17. cxb4 b5 18. axb5 axb5 19. Bxb5 Qb7 20. Bc4
Bxc4 21. dxc4 Qxb4 22. Qe2 Rxa1 23. Rxa1 Rc8 24. g3 h5 25. Rc1 Bf8 26. Qd3
Qb7 27. h3 Qd7 28. Kg2 Qe6 29. Rc2 Rc7 30. Qb3 Qc8 31. Qb5 Qb7 32. Qd5 Qxd5
33. exd5 f5 34. Kf3 Kf7 35. Ke2 Be7 36. Kd3 Bf6 37. f3 g5 38. Ra2 Rb7 39.
Ra6 Rb3+ 40. Ke2 Rb2+ 41. Kd3 Rb3+ 42. Ke2 Rb2+ 43. Kd3 Rb3+ 44. Ke2
{Game drawn by repetition}
1/2-1/2

[Event "ICC tourney 2743 (40 10)"]
[Site "Internet Chess Club"]
[Date "2021.11.20"]
[Round "5"]
[White "ALEKSANDROV, ALEKSEJ:Aleksandrov73"]
[Black "VAKHIDOV, JAKHONGIR:TjkTiger"]
[Result "1/2-1/2"]
[ICCResult "Game drawn by mutual agreement"]
[WhiteElo "2584"]
[BlackElo "2607"]
[Opening "Grünfeld: modern exchange variation"]
[ECO "D90"]
[NIC "GI.07"]
[Time "20:01:20"]
[PlyCount "69"]
[TimeControl "2400+10"]

1. d4 Nf6 2. Nf3 g6 3. c4 Bg7 4. Nc3 d5 5. cxd5 Nxd5 6. e4 Nxc3 7. bxc3 c5
8. Be3 Qa5 9. Nd2 cxd4 10. Nc4 Qa6 11. cxd4 O-O 12. Rb1 b5 13. Nd2 Bd7 14.
Qb3 Rc8 15. Be2 Qa5 16. Qb2 Na6 17. O-O Nc5 18. Nb3 Nxb3 19. axb3 Qd8 20. b4
a5 21. bxa5 Qxa5 22. Ra1 Qb6 23. Rxa8 Rxa8 24. Qb4 Qd6 25. Qxd6 exd6 26. Rb1
Rb8 27. f3 b4 28. Bc4 Be6 29. Bxe6 fxe6 30. Kf1 d5 31. Ke2 Bf8 32. Bd2 Kf7
33. Kd3 Rb7 34. Ra1 Be7 35. Bc1 {Game drawn by mutual agreement} 1/2-1/2

[Event "ICC tourney 2743 (40 10)"]
[Site "Internet Chess Club"]
[Date "2021.11.20"]
[Round "5"]
[White "HO, CARTER:corviknight"]
[Black "MATIAS PEREIRA, JULIANO RESENDE:JMatias"]
[Result "0-1"]
[ICCResult "White resigns"]
[WhiteElo "1920"]
[BlackElo "2250"]
[Opening "Sicilian: Najdorf"]
[ECO "B90"]
[NIC "SI.14"]
[Time "20:00:31"]
[PlyCount "110"]
[TimeControl "2400+10"]

1. e4 c5 2. Nf3 d6 3. d4 cxd4 4. Nxd4 Nf6 5. Nc3 a6 6. f3 e5 7. Nb3 Be6 8.
Be3 h5 9. Nd5 Bxd5 10. exd5 Nbd7 11. Qd2 Qc7 12. Be2 Nb6 13. Bxb6 Qxb6 14.
c4 g6 15. Qa5 Qe3 16. Qc7 Be7 17. Qxb7 Ra7 18. Qb8+ Bd8 19. Qxd6 Nd7 20. c5
Be7 21. Qc6 O-O 22. d6 Bh4+ 23. g3 Bg5 24. Rd1 e4 25. Qxe4 Nxc5 26. Qxe3
Bxe3 27. Nxc5 Bxc5 28. Rd5 Rc8 29. d7 Bb4+ 30. Kf2 Rd8 31. Rhd1 Kf8 32. a3
Be7 33. Ra5 Raxd7 34. Rxd7 Rxd7 35. Rxa6 Rd2 36. b4 h4 37. b5 h3 38. a4 Bc5+
39. Ke1 Rb2 40. a5 Bg1 41. b6 Rb1+ 42. Bd1 Kg7 43. Ra8 g5 44. Rd8 Bxh2 45.
Kf2 f5 46. Rd7+ Kf6 47. b7 f4 48. gxf4 Rb2+ 49. Be2 Bxf4 50. a6 h2 51. Rh7
Ra2 52. Rh8 Kg7 53. Rh5 Ra1 54. Kg2 Rg1+ 55. Kf2 Bb8 {White resigns} 0-1

[Event "ICC tourney 2743 (40 10)"]
[Site "Internet Chess Club"]
[Date "2021.11.20"]
[Round "5"]
[White "Wan, Caleb:chess-caleb"]
[Black "TANG, AUSTIN:Mrpeetapizza"]
[Result "1/2-1/2"]
[ICCResult "Game drawn by mutual agreement"]
[WhiteElo "2028"]
[BlackElo "2034"]
[Opening "Sicilian"]
[ECO "B56"]
[NIC "SI.25"]
[Time "20:00:09"]
[PlyCount "81"]
[TimeControl "2400+10"]

1. e4 c5 2. Nf3 d6 3. d4 cxd4 4. Nxd4 Nf6 5. Nc3 Nc6 6. f3 e5 7. Nb3 Be7 8.
Be3 Be6 9. Nd5 O-O 10. Qd2 Bxd5 11. exd5 Nb8 12. Be2 Nbd7 13. Na5 Qc7 14.
O-O Bd8 15. b4 Qc8 16. Nc4 Bc7 17. a4 Nb6 18. Nxb6 Bxb6 19. c4 Bxe3+ 20.
Qxe3 Nd7 21. Rfc1 b6 22. a5 f5 23. Bd1 Qc7 24. Ba4 bxa5 25. Bxd7 Qxd7 26.
Rxa5 Qb7 27. Rb1 Qb6 28. c5 dxc5 29. Rxc5 a5 30. b5 a4 31. Rc3 Rf6 32. Qxb6
Rxb6 33. Rc6 Rab8 34. d6 Kf8 35. Rc5 Rxd6 36. Rxe5 g6 37. Ra1 Rd4 38. Rb1 a3
39. b6 a2 40. Ra1 Rd2 41. Ra5 {Game drawn by mutual agreement} 1/2-1/2

[Event "ICC tourney 2743 (40 10)"]
[Site "Internet Chess Club"]
[Date "2021.11.20"]
[Round "5"]
[White "Turcotte, Jonathan:JonnyTurgi"]
[Black "Vittal, Sanjana:MCTS13"]
[Result "1/2-1/2"]
[ICCResult "Game drawn by mutual agreement"]
[WhiteElo "2000"]
[BlackElo "2042"]
[Opening "QGD: Ragozin variation"]
[ECO "D38"]
[NIC "NI.27"]
[Time "20:00:10"]
[PlyCount "95"]
[TimeControl "2400+10"]

1. d4 d5 2. c4 e6 3. Nf3 Nf6 4. Nc3 Bb4 5. cxd5 exd5 6. Bg5 h6 7. Bh4 Nbd7
8. e3 g5 9. Bg3 Ne4 10. Nd2 Nxg3 11. hxg3 c6 12. Bd3 Nf6 13. Rc1 a5 14. a3
Bd6 15. Na4 Qe7 16. Nb6 Rb8 17. Nxc8 Rxc8 18. Nb3 b6 19. Nd2 Kf8 20. Qa4
Bxg3 21. O-O Bb8 22. Rxc6 Kg7 23. Rfc1 Rxc6 24. Qxc6 Ng4 25. Nf1 Qd8 26. Bf5
h5 27. Qd7 Qxd7 28. Bxd7 Nf6 29. Bf5 Ne4 30. Bxe4 dxe4 31. Rc6 Rh6 32. Rc8
Rh8 33. Rxh8 Kxh8 34. Nd2 f5 35. Nc4 Bc7 36. d5 Kg7 37. d6 Bd8 38. Ne5 Kf8
39. a4 Ke8 40. b3 Bf6 41. Nc4 Bd8 42. g3 Kd7 43. Kg2 Kc6 44. f3 Kd5 45.
fxe4+ fxe4 46. Kf2 Ke6 47. g4 h4 48. Kg2 {Game drawn by mutual agreement}
1/2-1/2

[Event "ICC tourney 2743 (40 10)"]
[Site "Internet Chess Club"]
[Date "2021.11.20"]
[Round "5"]
[White "SHEEHAN, ETHAN THOMAS:Chessking2008"]
[Black "YAN, RUIYANG:jy2020"]
[Result "1/2-1/2"]
[ICCResult "Game drawn by mutual agreement"]
[WhiteElo "2194"]
[BlackElo "2160"]
[Opening "Nimzo-Indian: classical, Noa variation, 5.cd ed"]
[ECO "E35"]
[NIC "NI.23"]
[Time "20:00:12"]
[PlyCount "90"]
[TimeControl "2400+10"]

1. d4 Nf6 2. c4 e6 3. Nc3 Bb4 4. Qc2 d5 5. cxd5 exd5 6. Nf3 O-O 7. Bf4 c6 8.
e3 Ne4 9. Bd3 Bf5 10. O-O Re8 11. Ne5 Bxc3 12. bxc3 f6 13. f3 fxe5 14. Bxe5
Qg5 15. Rae1 Qg6 16. fxe4 Bxe4 17. Bxe4 Qxe4 18. Qe2 Qg6 19. Rf3 Qe6 20. e4
dxe4 21. Rh3 Nd7 22. Qxe4 Qg6 23. Qxg6 hxg6 24. Rhe3 Nxe5 25. Rxe5 Rxe5 26.
Rxe5 Kf7 27. Kf2 Rd8 28. Ke3 Rd6 29. h4 Rf6 30. Ra5 a6 31. Ra3 Ke6 32. Rb3
Rf7 33. c4 b5 34. Ra3 bxc4 35. Rxa6 Kd6 36. Ra5 Re7+ 37. Kf3 Rf7+ 38. Kg3
Re7 39. Rc5 Ra7 40. Rxc4 Rxa2 41. Rc5 Re2 42. Kf3 Re6 43. Kf4 Rf6+ 44. Kg5
Ke7 45. g4 Kf7 {Game drawn by mutual agreement} 1/2-1/2

[Event "ICC tourney 2743 (40 10)"]
[Site "Internet Chess Club"]
[Date "2021.11.20"]
[Round "5"]
[White "HEBDEN, MARK L:mhebden"]
[Black "PARK, EVAN:espark"]
[Result "1-0"]
[ICCResult "Black resigns"]
[WhiteElo "2505"]
[BlackElo "2234"]
[Opening "Ruy Lopez: Classical defense deferred"]
[ECO "C70"]
[NIC "RL.09"]
[Time "20:00:09"]
[PlyCount "109"]
[TimeControl "2400+10"]

1. e4 e5 2. Nf3 Nc6 3. Bb5 a6 4. Ba4 Bc5 5. O-O Nge7 6. c3 Ng6 7. d4 Ba7 8.
Bxc6 dxc6 9. Nxe5 Nxe5 10. dxe5 Qh4 11. Qe1 O-O 12. Kh1 Rd8 13. Nd2 Bg4 14.
f3 Qxe1 15. Rxe1 Be6 16. Nf1 Rd3 17. Be3 Bxe3 18. Rxe3 Rad8 19. Rxd3 Rxd3
20. Kg1 g5 21. Kf2 Rd8 22. b3 Bc8 23. Ke3 Re8 24. Rd1 Kg7 25. g3 Rxe5 26.
Rd8 Bh3 27. Nd2 Ra5 28. a4 b5 29. Ra8 Be6 30. Ra7 bxa4 31. bxa4 Rxa4 32.
Rxc7 Ra1 33. f4 gxf4+ 34. gxf4 Re1+ 35. Kd3 Bg4 36. Nc4 Rd1+ 37. Ke3 Be6 38.
Na5 Rh1 39. Nxc6 Rxh2 40. Nd8 Kf6 41. f5 Bb3 42. c4 Rh3+ 43. Kd4 h5 44.
Rxf7+ Kg5 45. Ne6+ Kh4 46. Nc5 a5 47. e5 a4 48. e6 Rh1 49. Nxb3 axb3 50. Kc3
Rh3+ 51. Kb2 Kg5 52. e7 Re3 53. f6 h4 54. Rf8 h3 55. e8=Q {Black resigns}
1-0

[Event "ICC tourney 2743 (40 10)"]
[Site "Internet Chess Club"]
[Date "2021.11.20"]
[Round "5"]
[White "AZAROV, SERGEI:Sergeiaza"]
[Black "YANG, KAIQI:YKQ"]
[Result "1-0"]
[ICCResult "Black resigns"]
[WhiteElo "2648"]
[BlackElo "2531"]
[Opening "Sicilian: Nimzovich-Rubinstein variation"]
[ECO "B29"]
[NIC "SI.43"]
[Time "20:00:19"]
[PlyCount "77"]
[TimeControl "2400+10"]

1. e4 c5 2. Nf3 Nf6 3. e5 Nd5 4. Nc3 Nxc3 5. dxc3 Nc6 6. Bc4 e6 7. Bf4 Qb6
8. Rb1 Qc7 9. Qd2 b6 10. O-O Bb7 11. Rfd1 h6 12. Qe2 g5 13. Bg3 Be7 14. Qe3
O-O-O 15. h3 Rdg8 16. Nd2 h5 17. Be2 g4 18. h4 Qd8 19. Nc4 Kb8 20. Nd6 Bxd6
21. Rxd6 Ne7 22. Qd2 Qc8 23. Rxd7 Nf5 24. Rd1 Qc6 25. Bf1 Rf8 26. b4 Bc8 27.
Rd6 Nxd6 28. exd6 Bd7 29. Qg5 f6 30. Qg7 cxb4 31. cxb4 e5 32. c4 Bf5 33. d7
Qe6 34. c5 Rd8 35. Rd6 Rh7 36. Qxh7 Bxh7 37. Rxe6 Rxd7 38. Rxf6 Rd1 39. Rf8+
{Black resigns}
1-0